 Dungeon Crawl Stone Soup version 0.18.1-50-g88ac8fd (webtiles) character file.

1520 iboy11 the Ducker (level 8, -2/58 HPs)
             Began as a Demonspawn Fire Elementalist on Oct 5, 2016.
             Was an Initiate of Kikubaaqudgha.
             Slain by a wight
             ... wielding a cursed +1 great sword of freezing
              (15 damage)
             ... on level 6 of the Dungeon.
             The game lasted 01:05:52 (6770 turns).

iboy11 the Ducker (Demonspawn Fire Elementalist)    Turns: 6770, Time: 01:05:52

Health: -2/58      AC: 10    Str:  9    XL:     8   Next: 54%
Magic:  0/15       EV: 14    Int: 19    God:    Kikubaaqudgha [......]
Gold:   147        SH:  3    Dex: 13    Spells: 1 memorised, 15 levels left

rFire  . . .     SeeInvis .     e - +3 dagger (elec)
rCold  . . .     Gourm    .     a - +2 robe
rNeg   . . .     Faith    .     (no shield)
rPois  .         Spirit   +     (helmet restricted)
rElec  .         Dismiss  .     n - +1 cloak
rCorr  .         Reflect  .     Y - +0 pair of gloves
SustAt .         Harm     .     (no boots)
MR     .....                    H - amulet of guardian spirit
Stlth  ++........               (no ring)
                                (no ring)

@: lethally poisoned (-2 -> -2), about to teleport, drained, not resistant to
hostile enchantments, unstealthy
A: antennae 1, large bone plates 2, demonic guardian 1
a: Renounce Religion


You were on level 6 of the Dungeon.
You worshipped Kikubaaqudgha.
Kikubaaqudgha was noncommittal.
You were not hungry.

You visited 1 branch of the dungeon, and saw 6 of its levels.

You collected 219 gold pieces.
You spent 72 gold pieces at shops.

Inventory:

Hand Weapons
 d - a +0 dagger
 e - a +3 dagger of electrocution (weapon)
 h - a cursed -3 short sword
 j - a +1 dagger of protection
 t - a +0 hunting sling
 u - a +0 spear
 G - a cursed +0 short sword
 I - a cursed +0 war axe
 K - a +4 vampiric dagger
 L - a +3 long sword
 M - a +2 short sword of freezing
 O - a +0 whip of freezing
 P - a +3 quarterstaff of chaos
 R - a +0 shortbow
 X - a +0 dagger of venom
 Z - the +3 spear "Worm's Wrath" {pierce, Str+4, unknown}
   (You found it on level 4 of the Dungeon)

   It inflicts extra damage upon your enemies.
   It affects your strength (+4).
Missiles
 f - 103 arrows
 g - 99 stones (quivered)
 o - 19 bolts
 q - a throwing net
 y - 23 poisoned needles
 T - 44 sling bullets
Armour
 a - a +2 robe (worn)
 n - a +1 cloak (worn)
 A - a +1 cloak
 D - a +0 robe
 Q - a +0 cloak
 Y - a +0 pair of gloves (worn)
Jewellery
 H - an amulet of guardian spirit (around neck)
Scrolls
 k - a scroll of enchant weapon
 s - a scroll of remove curse
 x - a scroll of amnesia {unknown}
 z - 2 scrolls of teleportation
 E - a scroll of noise {unknown}
 U - a scroll of fog {unknown}
 W - 2 scrolls of blinking {unknown}
Potions
 c - 2 potions of berserk rage
 r - a potion of agility
 v - a potion of degeneration
 w - 2 potions of cure mutation
 J - a potion of heal wounds {unknown}
 N - a potion of lignification {unknown}
 S - a potion of haste {unknown}
 V - a potion of brilliance {unknown}
Books
 b - a book of Flames

   Spells                             Type                      Level
   a - Flame Tongue                   Conjuration/Fire             1
   b - Throw Flame                    Conjuration/Fire             2
   c - Conjure Flame                  Conjuration/Fire             3
   d - Inner Flame                    Hexes/Fire                   3
   e - Sticky Flame                   Conjuration/Fire             4
   f - Fireball                       Conjuration/Fire             5
 l - a book of the Warp

   Spells                             Type                      Level
   a - Recall                         Summoning/Translocation      3
   b - Gell's Gravitas                Hexes/Translocation          3
   c - Force Lance                    Conjuration/Translocation    4
   d - Warp Weapon                    Charms/Translocation         5
   e - Summon Forest                  Summoning/Translocation      5
Comestibles
 i - 3 beef jerkies
 m - 5 meat rations
 p - a slice of pizza
 C - a bread ration
 F - a fruit


   Skills:
 + Level 3.0(2.1) Fighting
 + Level 2.5(1.7) Short Blades
 + Level 6.1(5.2) Dodging
 + Level 3.2(2.4) Stealth
 + Level 4.9(4.0) Spellcasting
 - Level 1.1(0.3) Conjurations
 + Level 4.7(3.8) Fire Magic
   Level 0.6(0.0) Invocations


You had 15 spell levels left.
You knew the following spells:

 Your Spells              Type           Power        Failure   Level  Hunger
a - Flame Tongue          Conj/Fire      ##...        8%          1    None


Dungeon Overview and Level Annotations

Branches:
Dungeon (6/15)             Temple (0/1) D:5

Altars:
Kikubaaqudgha
Okawaru
Trog
Xom
Zin

Shops:
D:5 (


Innate Abilities, Weirdness & Mutations

You have a pair of small antennae on your head.
You are mostly covered in large bone plates (AC +3, SH +3).
A weak demonic guardian rushes to your aid.


Message History

You feel strangely unstable.
The jackal bites you but does no damage.
Your iron imp hits the jackal.
The jackal dies!
Kikubaaqudgha accepts your kill. The wight closely misses you.
The wight barely misses you.
A jackal comes into view.
The wight closely misses you.
You see here a jackal corpse.
You hit the wight.
The wight is heavily damaged.
The wight hits you with an enchanted long sword.
* * * LOW HITPOINT WARNING * * *
Your iron imp closely misses the wight.
You hit the wight but do no damage.
The wight is heavily damaged.
You feel sick.
The wight hits you with a great sword of freezing!!
You die...
Kikubaaqudgha rasps: "You have failed me!
Welcome... death!"

#.........#
#.........#
#...!.....#
#.........#
#.........####
#............
#......z.h#
#.....)z@.#
########5.#####
#......#
#.####.#
#####.# #.....#
#.##### #.# #.#


You could see 2 wights, a jackal and a friendly iron imp.

Vanquished Creatures
  A sky beast (D:5)
  A phantom (D:4)
  2 ogres (D:4)
  3 centaurs (D:5)
  A water moccasin zombie (D:5)
  A scorpion (D:4)
  2 wights (D:6)
  2 crimson imps (D:5)
  A giant frog zombie (D:3)
  A jelly (D:5)
  2 orc priests
  Crazy Yiuf (D:3)
  Ijyb (D:3)
  4 orc wizards
  2 worker ants (D:5)
  A worker ant zombie (D:5)
  4 gnolls (D:3)
  4 adders
  An adder skeleton (D:5)
  6 worms
  5 giant geckos
  14 orcs
  7 giant cockroaches
  6 goblins
  5 hobgoblins
  8 jackals
  7 kobolds
  2 quokkas
  2 ball pythons (D:2)
  13 bats
  7 giant newts
  A jackal zombie (D:5)
  4 rats
  3 fungi (D:3)
125 creatures vanquished.

Vanquished Creatures (collateral kills)
  An ogre (D:4)
  A centaur (D:5)
  A scorpion (D:4)
  An orc wizard (D:5)
  2 orcs (D:5)
  A jackal (D:6)
7 creatures vanquished.

Grand Total: 132 creatures vanquished

Notes
Turn   | Place    | Note
--------------------------------------------------------------
     0 | D:1      | iboy11 the Demonspawn Fire Elementalist began the quest for the Orb.
     0 | D:1      | Reached XP level 1. HP: 13/13 MP: 3/3
   226 | D:1      | Reached skill level 2 in Dodging
   226 | D:1      | Gained mutation: You have a pair of small antennae on your head. [demonic ancestry]
   226 | D:1      | Reached XP level 2. HP: 10/19 MP: 0/5
   311 | D:1      | Found a shimmering altar of Xom.
  1202 | D:1      | Gained mutation: You are partially covered in large bone plates (AC +2, SH +2). [demonic ancestry]
  1202 | D:1      | Reached XP level 3. HP: 21/24 MP: 2/6
  1576 | D:2      | Found an iron altar of Okawaru.
  1656 | D:2      | Reached skill level 3 in Dodging
  2379 | D:2      | Became a worshipper of Warmaster Okawaru
  2675 | D:3      | Gained mutation: A weak demonic guardian rushes to your aid. [demonic ancestry]
  2675 | D:3      | Reached XP level 4. HP: 26/31 MP: 5/7
  2739 | D:3      | Reached skill level 1 in Fighting
  3054 | D:3      | Noticed Ijyb
  3067 | D:3      | Killed Ijyb
  3067 | D:3      | Reached XP level 5. HP: 37/37 MP: 6/8
  3584 | D:3      | Noticed Crazy Yiuf
  3596 | D:3      | Killed Crazy Yiuf
  3596 | D:3      | Reached skill level 4 in Dodging
  4090 | D:4      | Reached XP level 6. HP: 44/44 MP: 7/9
  4225 | D:4      | Reached skill level 1 in Short Blades
  4252 | D:4      | Reached * piety under Okawaru
  4338 | D:4      | Noticed a moth of wrath
  4651 | D:4      | Reached ** piety under Okawaru
  4651 | D:4      | Gained mutation: You are mostly covered in large bone plates (AC +3, SH +3). [demonic ancestry]
  4651 | D:4      | Reached XP level 7. HP: 42/50 MP: 9/11
  4809 | D:4      | Found a bloodstained altar of Trog.
  5048 | D:4      | Reached skill level 5 in Dodging
  5286 | D:4      | Got a crystal spear
  5346 | D:5      | Entered Level 5 of the Dungeon
  5445 | D:5      | Found Lowerche's Antique Weapon Emporium.
  5455 | D:5      | Bought a glowing short sword for 72 gold pieces
  5711 | D:5      | Reached XP level 8. HP: 22/57 MP: 1/14
  6171 | D:5      | Found a staircase to the Ecumenical Temple.
  6393 | D:5      | Found a glowing silver altar of Zin.
  6393 | D:5      | Found an ancient bone altar of Kikubaaqudgha.
  6482 | D:5      | Fell from the grace of Okawaru
  6482 | D:5      | Became a worshipper of Kikubaaqudgha
  6698 | D:5      | Reached skill level 6 in Dodging
  6770 | D:6      | Slain by a wight

Skill      XL: |  1  2  3  4  5  6  7  8 |
---------------+-------------------------+-----
Dodging        | 2 3 4 5 6 |  6.1
Fire Magic     | 3 4 |  4.7
Stealth        | 2 3 |  3.2
Fighting       | 1 2 3 |  3.0
Short Blades   | 1 2 |  2.5
Spellcasting   | 3 4 |  4.9
Conjurations   | |  1.1
Invocations    | |  0.6

Action                   |  1- 3 |  4- 6 |  7- 9 || total
-------------------------+-------+-------+-------++-------
Melee: Dagger            |    92 |   117 |   106 ||   315
       Unarmed           |     6 |       |       ||     6
 Cast: Flame Tongue      |    39 |    51 |    43 ||   133
Invok: Heroism           |       |       |     1 ||     1
  Use: Scroll            |     3 |     8 |     4 ||    15
       Potion            |     1 |     1 |     5 ||     7
 Stab: Sleeping          |     3 |     1 |     1 ||     5
       Distracted        |       |       |     1 ||     1
  Eat: Chunk             |     4 |     4 |     3 ||    11
       Bread ration      |     1 |       |     1 ||     2
       Fruit             |       |     1 |     1 ||     2
Armor: Robe              |    61 |    35 |    48 ||   144
Dodge: Dodged            |   132 |    94 |    71 ||   297
Block: Other             |    12 |     8 |    11 ||    31
